 Dungeon Crawl Stone Soup version 0.28.0-47-ge53b351184 (webtiles) character file.

Game seed: 10731192620516557563

5 CryoSword the Grasshopper (level 1, -12/17 HPs)
             Began as a Demonspawn Warper on May 6, 2022.
             Mangled by a gnoll
             ... wielding a +0 flail
              (13 damage)
             ... on level 1 of the Dungeon.
             The game lasted 00:00:15 (41 turns).

CryoSword the Grasshopper (Demonspawn Warper)         Turns: 41, Time: 00:00:16

Health: -12/17     AC:  3    Str: 11    XL:     1   Next: 66%
Magic:  3/3        EV: 11    Int: 14    God:
Gold:   10         SH:  0    Dex: 12    Spells: 4/4 levels left

rFire   . . .      SeeInvis .   a - +0 hand axe
rCold   . . .      Faith    .   (no shield)
rNeg    . . .      Spirit   .   b - +0 leather armour
rPois   .          Reflect  .   (no helmet)
rElec   .          Harm     .   (no cloak)
rCorr   .          Rampage  .   (no gloves)
Will    .....                   (no boots)
Stlth   +.........              (no amulet)
HPRegen 0.05/turn               (no ring)
MPRegen 0.08/turn               (no ring)

@: no status effects
A: no striking features
a: no special abilities


You were on level 1 of the Dungeon.
You visited 1 branch of the dungeon, and saw 1 of its levels.

You collected 10 gold pieces.

Inventory:

Hand Weapons
 a - a +0 hand axe (weapon)
Missiles
 d - 5 boomerangs of dispersal (quivered) {!f}
Armour
 b - a +0 leather armour (worn)
Scrolls
 c - a scroll of blinking


   Skills:
 + Level 2.5 Fighting
 - Level 1.7 Axes
 - Level 0.8 Throwing
 - Level 0.8 Armour
 - Level 1.7 Dodging
 - Level 2.0 Spellcasting
 - Level 2.6 Translocations


You had 4 spell levels left.
You didn't know any spells.
Your spell library contained the following spells:

 Spells                   Type           Power      Damage    Failure   Level
 Blink                    Tloc           16%        N/A       16%         2
 Gell's Gravitas          Tloc           8%         N/A       30%         3
 Lesser Beckoning         Tloc           8%         N/A       30%         3
 Teleport Other           Tloc           8%         N/A       30%         3
 Manifold Assault         Tloc           8%         N/A       96%         5


Dungeon Overview and Level Annotations

Branches:
Dungeon (1/15)

Altars:


Message History

Welcome, CryoSword the Demonspawn Warper.
They say the Orb of Zot lies within this dungeon, but they say a lot of things.
Found 24 sling bullets, 10 gold pieces and a smoky dark potion.
Found a staircase leading out of the dungeon.
Found 17 stones.
You enter the shallow water.
Moving in this stuff is going to be slow.
You now have 10 gold pieces.
A rat comes into view.
A rat is nearby!
A goblin comes into view. It is wielding a +0 dagger.
The goblin shouts!
The rat bites you but does no damage.
Unknown command.
You closely miss the rat. The rat completely misses you.
You hit the rat.
You kill the rat!
A kobold comes into view. It is wielding a +0 dagger.
The kobold shouts!
You hear a shout!
A ball python comes into view.
The ball python hisses angrily.
You hear a shout!
A kobold comes into view. It is wielding a +0 whip.
A goblin comes into view. It is wielding a +0 dagger.
A frilled lizard comes into view.
The ball python moves out of view.
The frilled lizard hisses angrily.
You hit the goblin but do no damage. The goblin hits you with a +0 dagger.
You hit the goblin.
You kill the goblin!
The kobold throws a stone.
The stone closely misses you.
The kobold throws a stone.
The stone misses you.
A gnoll comes into view. It is wielding a +0 flail.
You see here 17 stones.
The ball python misses you. The ball python grabs you.
The ball python constricts you.
You escape the ball python's grasp.
You hit the ball python but do no damage.
The ball python barely misses you. The ball python grabs you.
The ball python constricts you.
You aren't carrying any potions.
Unknown command.
Unknown command.
You closely miss the ball python. The ball python closely misses you.
The ball python constricts you. The ball python barely misses you.
The ball python constricts you.
You barely miss the ball python. The ball python barely misses you.
The ball python constricts you.
You closely miss the ball python. The ball python bites you.
The ball python constricts you. The ball python closely misses you.
The ball python constricts you.
You hit the ball python.
You kill the ball python!
The kobold hits you with a +0 dagger.
* * * LOW HITPOINT WARNING * * *
You hit the kobold. The kobold closely misses you.
You hit the kobold. The kobold hits you with a +0 dagger.
* * * LOW HITPOINT WARNING * * *
You hit the kobold.
You kill the kobold!
You hit the goblin.
You kill the goblin!
You hit the frilled lizard.
You kill the frilled lizard!
You hit the gnoll. The gnoll hits you with a +0 flail!
* * * LOW HITPOINT WARNING * * *
You barely miss the gnoll. The gnoll closely misses you.
You closely miss the gnoll. The gnoll hits you but does no damage.
The gnoll hits you with a +0 flail!
Ouch! That really hurt!
You die...

. .. . ... ########....
.... #.Kg@....#
.....########.######....
#....gg.....####.. #
###.)K.K.l.......#
#......†.......#######
.......................
..........!...^........
..≈≈≈≈≈.≈≈≈≈≈.≈≈≈≈≈.≈≈≈
...≈≈≈...≈≈≈...≈≈≈...≈≈


You could see a gnoll and a kobold.

Vanquished Creatures
  2 goblins (D:1)
  A ball python (D:1)
  A frilled lizard (D:1)
  A kobold (D:1)
  A rat (D:1)
6 creatures vanquished.

Notes
Turn   | Place    | Note
-------+----------+-------------------------------------------
     0 | D:1      | CryoSword the Demonspawn Warper began the quest for the
                  | Orb.
     0 | D:1      | Reached XP level 1. HP: 16/16 MP: 3/3
    41 | D:1      | Mangled by a gnoll

Illustrated notes

Levels and vault maps discovered:
D:1:      onia_arrival_pyramid, layout_rooms, ebering_ecumenical_altar_abandoned

Action                   || total
-------------------------++-------
Melee: Hand axe          ||    17
Armor: Leather armour    ||     2
Dodge: Dodged            ||    11
